[ AOE2 MATCH · #507379080 ]
UnrankedMongols vs Romans
Player's team · LOSS
Rival team · WIN
[ REPLAY ANALYSIS · EXTRACTED FROM THE RECORDED GAME ]
Feudal
10:10
Castle
—
Imperial
—
| APM avg | 68.5 |
| APM peak | 109 |
| eAPM avg | 24.9 |
| Villagers / military | 40 / 21 |
Focus
⚔️ 46.3% · 🌾 53.7%
Archer ×15 · Militia ×5 · Spearman ×1
Feudal
8:55
Castle
—
Imperial
—
| APM avg | 96.8 |
| APM peak | 150 |
| eAPM avg | 61.5 |
| Villagers / military | 55 / 18 |
Focus
⚔️ 72.1% · 🌾 27.9%
Archer ×14 · Militia ×4
Match map
Initial resources + every placement click. Lines = walls · curves = elevation contours. ◆ gold · ⬟ stone · ● berries · ✦ relic · ◌ wall gap
Your base· Open — unwalled flank
Ux'LobodeLaNieve's base· Open — unwalled flank
Smoothed initial terrain · ◌ = detected wall gap · hover for details
Inputs per minute
— DS_Biry - - Ux'LobodeLaNieve
Build order — DS_Biry
108 actions detected in the replay
| 0:01 | Create | Villager (Male) |
| 0:01 | Create | Villager (Male) |
| 0:01 | Create | Villager (Male) |
| 0:02 | Create | Villager (Male) |
| 0:02 | Build | House |
| 0:03 | Build | House |
| 1:31 | Create | Villager (Male) |
| 1:32 | Create | Villager (Male) |
| 1:57 | Build | Lumber Camp |
| 2:00 | Create | Villager (Male) |
| 2:00 | Create | Villager (Male) |
| 2:22 | Create | Villager (Male) |
| 2:22 | Create | Villager (Male) |
| 2:44 | Create | Villager (Male) |
| 3:10 | Create | Villager (Male) |
| 3:22 | Create | Villager (Male) |
| 3:22 | Create | Villager (Male) |
| 3:54 | Build | House |
| 4:23 | Create | Villager (Male) |
| 4:32 | Build | Barracks |
| 4:57 | Create | Villager (Male) |
| 4:58 | Create | Villager (Male) |
| 5:06 | Build | House |
| 5:29 | Create | Militia |
| 5:29 | Create | Militia |
| 5:33 | Create | Villager (Male) |
| 5:44 | Create | Villager (Male) |
| 5:50 | Build | House |
| 6:09 | Build | Mill |
| 6:13 | Create | Villager (Male) |
| 6:23 | Create | Villager (Male) |
| 6:43 | Create | Villager (Male) |
| 7:15 | Research | Loom |
| 7:46 | Research | Feudal Age |
| 7:46 | Research | Feudal Age |
| 7:49 | Build | Mining Camp |
| 8:28 | Create | Militia |
| 8:37 | Build | Mill |
| 8:45 | Create | Militia |
| 8:45 | Create | Militia |
| 8:50 | Build | House |
| 9:16 | Create | Villager (Male) |
| 9:30 | Build | Palisade Wall |
| 9:31 | Build | Palisade Wall |
| 9:37 | Build | Palisade Wall |
| 9:44 | Build | Palisade Wall |
| 9:46 | Build | Palisade Wall |
| 9:47 | Build | Palisade Wall |
| 9:50 | Build | Palisade Wall |
| 9:53 | Build | Palisade Wall |
| 10:07 | Create | Villager (Male) |
| 10:10 | Age | Feudal Age |
| 10:13 | Build | Palisade Wall |
| 10:16 | Research | Man-at-Arms (upgrade) |
| 10:19 | Build | Archery Range |
| 10:24 | Build | Palisade Wall |
| 10:32 | Create | Villager (Male) |
| 10:35 | Build | Palisade Wall |
| 10:52 | Build | Farm |
| 10:58 | Create | Archer |
| 10:58 | Create | Archer |
| 11:00 | Build | House |
| 11:09 | Build | Farm |
| 11:14 | Create | Spearman |
| 11:27 | Create | Archer |
| 11:34 | Build | Farm |
| 11:47 | Build | Farm |
| 12:07 | Build | Farm |
| 12:16 | Build | Farm |
| 12:26 | Create | Villager (Male) |
| 12:26 | Create | Villager (Male) |
| 12:27 | Create | Archer |
| 12:29 | Build | House |
| 12:45 | Create | Archer |
| 12:56 | Create | Villager (Male) |
| 12:57 | Build | Farm |
| 13:26 | Create | Villager (Male) |
| 13:26 | Create | Villager (Male) |
| 13:32 | Create | Archer |
| 13:32 | Create | Archer |
| 13:39 | Create | Villager (Male) |
| 13:44 | Build | Palisade Wall |
| 13:45 | Build | Palisade Wall |
| 13:59 | Research | Double-Bit Axe |
| 14:19 | Create | Villager (Male) |
| 14:19 | Create | Villager (Male) |
| 14:19 | Create | Villager (Male) |
| 14:24 | Build | Blacksmith |
| 14:29 | Create | Villager (Male) |
| 14:35 | Build | Palisade Wall |
| 14:49 | Create | Archer |
| 14:49 | Create | Archer |
| 14:49 | Create | Archer |
| 15:03 | Create | Villager (Male) |
| 15:14 | Research | Fletching |
| 15:15 | Research | Fletching |
| 15:42 | Create | Archer |
| 16:07 | Create | Villager (Male) |
| 16:22 | Create | Villager (Male) |
| 16:43 | Create | Villager (Male) |
| 16:43 | Create | Archer |
| 17:12 | Build | Archery Range |
| 17:17 | Create | Villager (Male) |
| 17:19 | Build | Farm |
| 17:26 | Create | Archer |
| 17:26 | Create | Archer |
| 17:26 | Create | Archer |
| 17:31 | Build | House |
Build order — Ux'LobodeLaNieve
123 actions detected in the replay
| 0:01 | Create | Villager (Male) |
| 0:01 | Create | Villager (Male) |
| 0:02 | Build | House |
| 0:03 | Build | House |
| 0:04 | Create | Villager (Male) |
| 0:07 | Create | Villager (Male) |
| 1:12 | Create | Villager (Male) |
| 1:40 | Create | Villager (Male) |
| 1:41 | Create | Villager (Male) |
| 1:50 | Build | Lumber Camp |
| 2:21 | Create | Villager (Male) |
| 2:47 | Create | Villager (Male) |
| 3:18 | Create | Villager (Male) |
| 3:35 | Build | House |
| 3:45 | Create | Villager (Male) |
| 3:46 | Create | Villager (Male) |
| 4:14 | Create | Villager (Male) |
| 4:16 | Create | Villager (Male) |
| 4:24 | Build | Mill |
| 4:36 | Create | Villager (Male) |
| 4:36 | Create | Villager (Male) |
| 4:51 | Create | Villager (Male) |
| 4:51 | Create | Villager (Male) |
| 5:26 | Create | Villager (Male) |
| 5:26 | Create | Villager (Male) |
| 5:30 | Create | Villager (Male) |
| 5:43 | Create | Villager (Male) |
| 5:57 | Build | House |
| 6:16 | Research | Loom |
| 6:45 | Research | Feudal Age |
| 6:46 | Research | Feudal Age |
| 6:49 | Build | Barracks |
| 6:53 | Build | Barracks |
| 7:49 | Build | Mining Camp |
| 7:50 | Create | Militia |
| 7:50 | Create | Militia |
| 7:50 | Create | Militia |
| 7:50 | Create | Militia |
| 8:09 | Build | Palisade Wall |
| 8:13 | Build | Palisade Wall |
| 8:55 | Age | Feudal Age |
| 8:57 | Create | Villager (Male) |
| 9:03 | Research | Man-at-Arms (upgrade) |
| 9:03 | Research | Man-at-Arms (upgrade) |
| 9:04 | Create | Villager (Male) |
| 9:06 | Create | Villager (Male) |
| 9:27 | Build | Archery Range |
| 9:31 | Build | House |
| 9:34 | Build | House |
| 9:40 | Create | Villager (Male) |
| 9:57 | Create | Villager (Male) |
| 10:12 | Build | Palisade Wall |
| 10:13 | Build | Palisade Wall |
| 10:14 | Build | Palisade Wall |
| 10:16 | Build | Palisade Wall |
| 10:18 | Build | Palisade Wall |
| 10:19 | Create | Archer |
| 10:24 | Build | Palisade Wall |
| 10:42 | Create | Villager (Male) |
| 10:53 | Create | Archer |
| 10:58 | Build | Blacksmith |
| 10:59 | Build | House |
| 11:02 | Create | Villager (Male) |
| 11:02 | Create | Villager (Male) |
| 11:19 | Create | Villager (Male) |
| 11:19 | Create | Villager (Male) |
| 11:21 | Create | Archer |
| 11:48 | Build | Farm |
| 11:53 | Create | Archer |
| 11:53 | Create | Archer |
| 12:01 | Build | Farm |
| 12:12 | Build | Mill |
| 12:27 | Create | Archer |
| 12:34 | Create | Villager (Male) |
| 12:34 | Create | Villager (Male) |
| 12:38 | Build | Farm |
| 12:39 | Build | Farm |
| 12:54 | Build | House |
| 13:08 | Create | Archer |
| 13:08 | Create | Archer |
| 13:17 | Create | Villager (Male) |
| 13:20 | Create | Villager (Male) |
| 13:20 | Create | Villager (Male) |
| 13:31 | Build | Farm |
| 13:41 | Build | Palisade Wall |
| 13:46 | Create | Villager (Male) |
| 13:47 | Create | Archer |
| 13:58 | Research | Fletching |
| 13:58 | Research | Fletching |
| 14:01 | Build | Farm |
| 14:03 | Build | Farm |
| 14:06 | Build | House |
| 14:14 | Create | Archer |
| 14:17 | Create | Villager (Male) |
| 14:18 | Create | Villager (Male) |
| 14:19 | Build | Farm |
| 14:27 | Build | Palisade Wall |
| 14:37 | Create | Archer |
| 14:42 | Create | Villager (Male) |
| 14:46 | Create | Villager (Male) |
| 14:48 | Build | Farm |
| 15:09 | Create | Villager (Male) |
| 15:09 | Create | Villager (Male) |
| 15:17 | Create | Villager (Male) |
| 15:18 | Create | Villager (Male) |
| 15:19 | Build | Farm |
| 15:20 | Create | Villager (Male) |
| 15:26 | Build | Palisade Wall |
| 15:33 | Research | Padded Archer Armor |
| 15:45 | Create | Villager (Male) |
| 15:45 | Create | Archer |
| 16:03 | Create | Villager (Male) ×3 |
| 16:27 | Create | Villager (Male) |
| 16:32 | Create | Villager (Male) |
| 16:38 | Create | Archer |
| 16:54 | Create | Archer |
| 17:03 | Build | Archery Range |
| 17:07 | Build | Farm |
| 17:11 | Build | Archery Range |
| 17:16 | Build | House |
| 17:26 | Create | Villager (Male) |
| 17:38 | Build | Market |
| 17:38 | Create | Villager (Male) |
Match timeline
| 4:32 | DS_Biry · first_building Barracks |
| 6:49 | Ux'LobodeLaNieve · first_building Barracks |
| 8:09 | Ux'LobodeLaNieve · wall_segment Palisade Wall x1 |
| 8:13 | Ux'LobodeLaNieve · wall_segment Palisade Wall x1 |
| 8:55 | Ux'LobodeLaNieve · age_up feudal |
| 9:27 | Ux'LobodeLaNieve · first_building Archery Range |
| 9:30 | DS_Biry · wall_segment Palisade Wall x1 |
| 9:31 | DS_Biry · wall_segment Palisade Wall x1 |
| 9:37 | DS_Biry · wall_segment Palisade Wall x1 |
| 9:44 | DS_Biry · wall_segment Palisade Wall x1 |
| 9:46 | DS_Biry · wall_segment Palisade Wall x1 |
| 9:47 | DS_Biry · wall_segment Palisade Wall x1 |
| 9:50 | DS_Biry · wall_segment Palisade Wall x1 |
| 9:53 | DS_Biry · wall_segment Palisade Wall x1 |
| 10:10 | DS_Biry · age_up feudal |
| 10:12 | Ux'LobodeLaNieve · wall_segment Palisade Wall x1 |
| 10:13 | DS_Biry · wall_segment Palisade Wall x4 |
| 10:13 | Ux'LobodeLaNieve · wall_segment Palisade Wall x1 |
| 10:14 | Ux'LobodeLaNieve · wall_segment Palisade Wall x1 |
| 10:16 | Ux'LobodeLaNieve · wall_segment Palisade Wall x1 |
| 10:18 | Ux'LobodeLaNieve · wall_segment Palisade Wall x1 |
| 10:19 | DS_Biry · first_building Archery Range |
| 10:24 | Ux'LobodeLaNieve · wall_segment Palisade Wall x8 |
| 10:24 | DS_Biry · wall_segment Palisade Wall x1 |
| 10:35 | DS_Biry · wall_segment Palisade Wall x1 |
| 13:41 | Ux'LobodeLaNieve · wall_segment Palisade Wall x11 |
| 13:44 | DS_Biry · wall_segment Palisade Wall x5 |
| 13:45 | DS_Biry · wall_segment Palisade Wall x6 |
| 14:27 | Ux'LobodeLaNieve · wall_segment Palisade Wall x6 |
| 14:35 | DS_Biry · wall_segment Palisade Wall x3 |
| 15:26 | Ux'LobodeLaNieve · wall_segment Palisade Wall x6 |
| 17:44 | DS_Biry · resign |
[ AI ANALYSIS · 1 CREDIT ]
What really happened in this match?
Wolo.gg analyzes every decision: build order, eco, micro, common mistakes by bracket. Personalized analysis on WhatsApp or Discord in 30 seconds.
Civ guide
Mongols
Perfil
Biry (DS_Biry)